 Dungeon Crawl Stone Soup version 0.31-a0-1589-g8f5e8aebd6 (webtiles) character file.

Game seed: 7870621246042812006

7199 Dirian the Cleaver (level 10, -4/88 HPs)
             Began as a Minotaur Fighter on Jan 5, 2024.
             Was an Elder of Okawaru.
             Incinerated by a deep elf pyromancer (10 damage)
             ... with a pyre arrow
             ... on level 9 of the Dungeon.
             The game lasted 00:11:45 (8139 turns).

Dirian the Cleaver (Minotaur Fighter)               Turns: 8139, Time: 00:11:45

Health: -4/88      AC: 12    Str: 25    XL:     10   Next: 87%
Magic:  11/12      EV: 10    Int:  5    God:    Okawaru [****..]
Gold:   344        SH: 18    Dex: 10    Spells: 9/9 levels left

rFire   . . .        a - +1 war axe (elec)
rCold   . . .        s - +1 kite shield
rNeg    . . .        y - +0 chain mail
rPois   .            (helmet restricted)
rElec   .            (no cloak)
rCorr   .            (no gloves)
SInv    .            (no boots)
Will    .....        z - amulet of reflection Stlth
                     (no ring)
HPRegen 0.34/turn    (no ring)
MPRegen 0.13/turn

%: reflection
@: on fire, heroic, glowing
A: horns 2, retaliatory headbutt
a: Renounce Religion, Heroism, Finesse


You were on level 9 of the Dungeon.
You worshipped Okawaru.
Okawaru was greatly pleased with you.
You visited 2 branches of the dungeon, and saw 10 of its levels.
You also visited: Ossuary.

You collected 520 gold pieces.
You spent 176 gold pieces at shops.

Inventory:

Hand Weapons
 a - a +1 war axe of electrocution (weapon)
 b - a +0 scimitar of flaming
 m - a +0 war axe
Missiles
 h - 10 boomerangs (quivered)
 i - 4 javelins
Armour
 s - a +1 kite shield (worn)
 y - a +0 chain mail (worn)
Jewellery
 j - a ring of ice
 z - an amulet of reflection (around neck)
Wands
 l - a wand of mindburst (22)
 o - a wand of charming (22)
 v - a wand of digging (1)
 x - a wand of flame (35)
Scrolls
 e - 2 scrolls of enchant armour
 g - a scroll of butterflies
 k - 2 scrolls of enchant weapon
 r - a scroll of identify
 t - 7 scrolls of teleportation
 D - a scroll of revelation
 E - a scroll of fear
 G - a scroll of silence {unknown}
 I - a scroll of immolation
Potions
 c - a potion of cancellation
 d - 2 potions of might
 f - a potion of berserk rage {unknown}
 n - a potion of brilliance
 p - 2 potions of magic {unknown}
 q - 12 potions of curing
 u - a potion of ambrosia {unknown}
 w - 2 potions of heal wounds
 A - 3 potions of enlightenment
 B - a potion of attraction {unknown}
 C - 2 potions of haste {unknown}
 F - a potion of invisibility {unknown}
 H - 3 potions of lignification


   Skills:
 + Level 8.0(13.0) Fighting
 + Level 12.1(17.1) Axes
 * Level 6.3(11.3) Throwing
 + Level 8.3(13.3) Armour
 + Level 8.8(13.8) Shields
 * Level 4.5 Invocations


You had 9 spell levels left.
You didn't know any spells.
Your spell library contained the following spells:

 Spells                   Type           Power      Damage    Failure   Level
 Apportation              Tloc           0%         N/A       96%         1
 Magic Dart               Conj           0%         1d3       96%         1
 Necrotise                Necr           0%         1d4       96%         1
 Sting                    Conj/Alch      0%         1d3       96%         1
 Blink                    Tloc           0%         N/A       99%         2
 Jinxbite                 Hex            0%         N/A       99%         2
 Frozen Ramparts          Ice            0%         1d1       100%        3
 Inner Flame              Hex/Fire       0%         N/A       100%        3
 Flame Wave               Conj/Fire      0%         2d4       100%        4
 Leda's Liquefaction      Alch/Erth      0%         N/A       100%        4
 Petrify                  Alch/Erth      0%         N/A       100%        4
 Sticky Flame             Fire/Alch      0%         2d4       100%        4
 Alistair's Intoxication  Alch           0%         N/A       100%        5
 Metabolic Englaciation   Hex/Ice        0%         N/A       100%        5
 Summon Small Mammal      Summ           Unusable   N/A       N/A         1
 Call Imp                 Summ           Unusable   N/A       N/A         2

Dungeon Overview and Level Annotations

Branches:
Dungeon (9/15) Zot: 26047  Temple (1/1) D:5 Zot: 5998    Lair (0/5) D:8
Ossuary (visited)
    Orc: D:9-12

Altars:
Ashenzari
Cheibriados
Dithmenos
Elyvilon
Fedhas
Gozag
Hepliaklqana
Kikubaaqudgha
Makhleb
Nemelex Xobeh
Okawaru
Qazlal
Ru
Sif Muna
Trog
Uskayaw
Vehumet
Wu Jian
Xom
Yredelemnul
Zin
The Shining One
Lugonu

Shops:
D:5 !


Innate Abilities, Weirdness & Mutations

You have a pair of horns on your head.
You reflexively headbutt those who attack you in melee.


Message History

You completely miss the deep elf pyromancer.
You block the deep elf pyromancer's attack.
You closely miss the deep elf pyromancer.
Your headbutt misses the deep elf pyromancer.
You hit the deep elf pyromancer.
Lightning courses through the deep elf pyromancer!
The deep elf pyromancer is heavily wounded.
The deep elf pyromancer hits you with a +0 long sword.
You miss the deep elf pyromancer.
The deep elf pyromancer is heavily wounded.
You block the deep elf pyromancer's attack.
You slash the deep elf pyromancer!
The deep elf pyromancer is almost dead.
The deep elf pyromancer gestures at you while chanting.
The pyre arrow hits you.
You are covered in intense liquid fire!
You hit the deep elf pyromancer.
Lightning courses through the deep elf pyromancer!
You kill the deep elf pyromancer!
Okawaru is honoured by your kill.
You can now speed up your combat.
The liquid fire burns you!
* * * LOW HITPOINT WARNING * * *
Your base Fighting skill increases to level 8!
You shake off some of the fire as you move.
The liquid fire burns you!
* * * LOW HITPOINT WARNING * * *
There is an open door, spattered with blood here.
Things that are here:
a +0 long sword; a +0 ring mail You shake off some of the fire as you move.
The liquid fire burns you!
* * * LOW HITPOINT WARNING * * *
You see here a book of Minor Magic.
You feel better. The liquid fire burns you!
* * * LOW HITPOINT WARNING * * *
The liquid fire burns you!
* * * LOW HITPOINT WARNING * * *
The liquid fire burns you!
You die...

......##.P##.....>....########..#
...####..._########...# #..#
...####....########...########..#
......'.⌠._#[....................
......#.......###########...)....
#######..P_#..# #######.).)....
##.P#.#######.##.##))#..###
###### #:##'##'##[.#..# #..#
#@#......#..#..# #..#
#)#.....)#..#..#
#########..#####.'......')[...###
...:..........##.'......'........
..............##+#.○..[.#........
..............# #......#.....###
..............# ##+##+##.....#
..............# #.....#
..............# #.....###


There were no monsters in sight!

Vanquished Creatures
  A two-headed ogre (D:8)
  A deep elf pyromancer (D:9)
  An efreet (D:9)
  A troll (D:9)
  A wraith (D:9)
  6 yaks (D:9)
  Eustachio (D:5)
  Menkaure (D:5)
  2 steam dragons (D:7)
  An acid dragon (D:9)
  A water moccasin (D:8)
  An ice beast (D:7)
  Duvessa (D:5)
  A swamp drake (D:9)
  An orc warrior (D:9)
  2 sky beasts
  A black bear (D:4)
  3 phantoms
  2 centaurs
  A kobold brigand (D:7)
  6 bullfrogs
  2 gnoll sergeants
  A scorpion (D:5)
  6 water moccasin zombies (Ossuary)
  A burial acolyte (Ossuary)
  3 wights (D:8)
  Dowan (D:5)
  8 killer bees (D:9)
  4 howler monkeys
  2 bombardier beetles
  A jelly (D:6)
  3 hounds
  6 orc priests
  An iron imp (D:9)
  3 iguanas
  10 orc wizards
  3 sleepcaps
  3 crocodile zombies (Ossuary)
  2 mummies (Ossuary)
  8 gnolls
  14 adders
  A shadow imp (D:9)
  7 ufetubi
  4 dart slugs
  37 orcs
  9 ball pythons
  8 bats
  5 endoplasms
  3 giant cockroaches
  8 gnoll zombies (Ossuary)
  4 hobgoblins
  10 jackals
  6 quokkas
  4 frilled lizards
  6 goblins
  A jackal zombie (Ossuary)
  2 kobolds (D:3)
  3 orc zombies (Ossuary)
  7 rats
243 creatures vanquished.

Vanquished Creatures (others)
  A bullfrog (D:7)
  An ufetubus (D:7)
  An orc (D:9)
3 creatures vanquished.

Grand Total: 246 creatures vanquished

Notes
Turn   | Place    | Note
-------+----------+-------------------------------------------
     0 | D:1      | Dirian the Minotaur Fighter began the quest for the Orb.
     0 | D:1      | Reached XP level 1. HP: 19/19 MP: 0/0
   129 | D:1      | Reached XP level 2. HP: 26/27 MP: 1/1
   466 | D:2      | Reached XP level 3. HP: 33/33 MP: 2/2
   473 | D:2      | Reached skill level 3 in Axes
   677 | D:2      | Reached XP level 4. HP: 40/40 MP: 3/3
   865 | D:2      | Found a broken altar of Ashenzari.
  1097 | D:3      | Reached skill level 4 in Axes
  1227 | D:3      | Noticed a centaur
  1234 | D:3      | Killed a centaur
  1235 | D:3      | Reached XP level 5. HP: 26/47 MP: 4/4
  1826 | D:4      | Noticed a black bear
  1832 | D:4      | Reached skill level 5 in Axes
  1837 | D:4      | Killed a black bear
  1838 | D:4      | Reached XP level 6. HP: 26/55 MP: 5/5
  1848 | D:4      | Reached skill level 5 in Armour
  1862 | D:4      | Found a snail-covered altar of Cheibriados.
  2074 | D:4      | Reached skill level 5 in Fighting
  2074 | D:4      | Reached skill level 6 in Axes
  2074 | D:4      | Reached skill level 5 in Shields
  2254 | D:4      | Found a broken altar of Ashenzari.
  2476 | D:4      | Reached XP level 7. HP: 57/61 MP: 6/6
  2837 | D:5      | Entered Level 5 of the Dungeon
  2978 | D:5      | Noticed Eustachio
  3009 | D:5      | Killed Eustachio
  3010 | D:5      | Reached skill level 1 in Throwing
  3113 | D:5      | HP: 3/61 [orc/puff of flame (9)]
  3115 | D:5      | Reached skill level 7 in Axes
  3418 | D:5      | Found Norch's Distillery.
  3426 | D:5      | Bought a potion of lignification for 33 gold pieces
  3426 | D:5      | Bought a potion of might for 44 gold pieces
  3426 | D:5      | Bought 2 potions of curing for 66 gold pieces
  3426 | D:5      | Bought a potion of curing for 33 gold pieces
  3463 | D:5      | Noticed Duvessa
  3463 | D:5      | Noticed Dowan
  3473 | D:5      | Killed Duvessa
  3475 | D:5      | Killed Dowan
  3483 | D:5      | Found a staircase to the Ecumenical Temple.
  3488 | D:5      | Reached XP level 8. HP: 20/69 MP: 7/7
  3646 | Temple   | Entered the Ecumenical Temple
  3932 | D:5      | Noticed Menkaure
  3937 | D:5      | Killed Menkaure
  4260 | D:6      | Reached skill level 8 in Axes
  4329 | D:6      | Found a white marble altar of Elyvilon.
  5054 | D:6      | Found an iron altar of Okawaru.
  5133 | D:6      | Became a worshipper of Warmaster Okawaru
  5161 | D:7      | Found a sand-covered staircase.
  5169 | Ossuary  | Entered an ossuary
  5201 | Ossuary  | Reached skill level 9 in Axes
  5210 | Ossuary  | Reached XP level 9. HP: 70/78 MP: 8/8
  5532 | D:7      | Reached * piety under Okawaru
  5535 | D:7      | Reached skill level 1 in Invocations
  5543 | D:7      | Reached skill level 10 in Axes
  5933 | D:7      | Found a sacrificial altar of Ru.
  5972 | D:7      | Found a sparkling altar of Nemelex Xobeh.
  6059 | D:7      | Reached ** piety under Okawaru
  6116 | D:7      | Found a shadowy altar of Dithmenos.
  6120 | D:7      | Found a hazy altar of Hepliaklqana.
  6723 | D:8      | Found a staircase to the Lair.
  6747 | D:8      | Reached skill level 5 in Throwing
  6843 | D:8      | Found a shimmering altar of Xom.
  6846 | D:8      | Noticed an angel
  6847 | D:8      | Noticed a two-headed ogre
  6856 | D:8      | Killed a two-headed ogre
  6857 | D:8      | Reached skill level 11 in Axes
  6857 | D:8      | Reached XP level 10. HP: 68/86 MP: 9/11
  6957 | D:8      | Found a glowing silver altar of Zin.
  7108 | D:8      | Found a basalt altar of Yredelemnul.
  7224 | D:9      | Reached *** piety under Okawaru
  7587 | D:9      | Found a radiant altar of Vehumet.
  7804 | D:9      | Found a shimmering blue altar of Sif Muna.
  8021 | D:9      | Found a bloodstained altar of Trog.
  8021 | D:9      | Found an opulent altar of Gozag.
  8021 | D:9      | Found a glowing golden altar of the Shining One.
  8124 | D:9      | Reached skill level 12 in Axes
  8127 | D:9      | Noticed a deep elf pyromancer
  8134 | D:9      | Killed a deep elf pyromancer
  8134 | D:9      | Reached **** piety under Okawaru
  8136 | D:9      | HP: 3/88 [burnt (16)]
  8139 | D:9      | Incinerated by a deep elf pyromancer

Illustrated notes

Levels and vault maps discovered:
D:1:      lordsloth_arrival_two_stooges, layout_rooms
D:2:      layout_rooms, basic_altar
D:3:      layout_loops_cross
D:4:      layout_basic, nicolae_ashenzari_panopticon, kennysheep_slug_shrine
D:5:      layout_basic, minmay_temple_entry_tees, serial_shops,
          nicolae_shop_statue_plus, uniq_menkaure, uniq_eustachio, uniq_duvessa
D:6:      cheibrodos_quashed, layout_basic, nicolae_overflow_hidden_temple,
          lemuel_tele_altar, minmay_misc_feat_nine_boxes
D:7:      layout_basic, riverfiend_overflow_shadow_ancestor,
          lemuel_crystal_altar, hangedman_ru_absence,
          nicolae_ossuary_entry_plus, minmay_fractal_squares_5
D:8:      layout_rooms, grunt_temple_overflow_order_and_chaos_1,
          yredelemnul_altar_generic, lair_entry_dummy
D:9:      layout_long_grid, vehumet_altar_wand_db, led_sif_pool,
          gammafunk_temple_overflow_forgotten, hangedman_minor_magic
Temple:   corrupted_temple

Skill      XL: |  1  2  3  4  5  6  7  8  9 10 |
---------------+-------------------------------+-----
Fighting       | 4 5 6 7 8 |  8.0
Shields        | 4 5 6 7 8 |  8.8
Armour         | 4 5 6 7 8 |  8.3
Axes           | 3 4 5 6 7 9 11 12 | 12.1
Throwing       | 2 3 5 6 |  6.3
Invocations    | 3 4 |  4.5

Action                     |  1- 3 |  4- 6 |  7- 9 | 10-12 || total
---------------------------+-------+-------+-------+-------++-------
  Melee: War axe           |    72 |   107 |   357 |   103 ||   639
         Headbutt          |     8 |    15 |    51 |    15 ||    89
  Throw: Boomerang         |       |       |     7 |       ||     7
 Invoke: Heroism           |       |       |       |     3 ||     3
    Use: Scroll            |       |     5 |    13 |     1 ||    19
         Potion            |       |       |     1 |     1 ||     2
 Armour: Scale mail        |    51 |   112 |    52 |       ||   215
         Chain mail        |       |       |   152 |    72 ||   224
  Dodge: Dodged            |    33 |    43 |    98 |    22 ||   196
  Block: Buckler           |    19 |     2 |       |       ||    21
         Kite shield       |       |    50 |   276 |    82 ||   408
         Reflection        |       |       |     3 |     1 ||     4

Table legend: (Time is in decaauts)
 A = Elapsed time spent in this place.
 B = Non-inter-level travel time spent in this place.
 C = Inter-level travel time spent in this place.
 D = Time resting spent in this place.
 E = Time spent auto-exploring this place.
 F = Levels seen in this place.
 G = Mean time per level.
                   A        B        C        D        E       F      G
               +--------+--------+--------+--------+--------+-----+--------+
         Total |   8266 |   7938 |    328 |    305 |   6068 |  11 |  751.5 |
       Dungeon |   8031 |   7703 |    328 |    305 |   5950 |   9 |  892.3 |
        Temple |      1 |      1 |      0 |      0 |      0 |   1 |    1.0 |
       Ossuary |    233 |    233 |      0 |      0 |    118 |   1 |  233.0 |
               +--------+--------+--------+--------+--------+-----+--------+

Top non-repeatable levels by time:
     D:7: 1350 daAuts
     D:4: 1309 daAuts
     D:5: 1267 daAuts
     D:9: 952 daAuts
     D:6: 920 daAuts
     D:3: 814 daAuts
     D:2: 481 daAuts
     D:1: 473 daAuts
     D:8: 460 daAuts
 Ossuary: 233 daAuts
  Temple: 1 daAuts
